 Dungeon Crawl Stone Soup version 0.31-a0-1009-g454b1f1e0a (webtiles) character file.

Game seed: 11092146653622733052

25 Avanven the Slasher (level 2, -6/24 HPs)
             Began as a Demigod Warper on Nov 14, 2023.
             Mangled by a sleepcap (7 damage)
             ... on level 2 of the Dungeon.
             The game lasted 00:01:27 (740 turns).

Avanven the Slasher (Demigod Warper)                 Turns: 740, Time: 00:01:27

Health: -6/24      AC:  3    Str: 12    XL:     2   Next: 66%
Magic:  7/7        EV: 11    Int: 15    God:
Gold:   44         SH:  0    Dex: 13    Spells: 2/4 levels left

rFire   . . .        a - +0 falchion
rCold   . . .        (no shield)
rNeg    . . .        b - +0 leather armour
rPois   .            (no helmet)
rElec   .            (no cloak)
rCorr   .            (no gloves)
SInv    .            (no boots)
Will    .....        (no amulet)
Stlth   +            (no ring)
HPRegen 0.24/turn    (no ring)
MPRegen 0.10/turn

%: no passive effects
@: no status effects
A: high MP 1, forlorn, divine attributes
a: no special abilities


You were on level 2 of the Dungeon.
You visited 1 branch of the dungeon, and saw 2 of its levels.

You collected 44 gold pieces.

Inventory:

Hand Weapons
 a - a +0 falchion (weapon)
Missiles
 d - 3 darts of dispersal (quivered)
Armour
 b - a +0 leather armour (worn)
Scrolls
 c - 2 scrolls of blinking
 h - 3 scrolls of identify {unknown}
Potions
 e - a potion of brilliance {unknown}
 f - a potion of curing {unknown}
 g - a potion of magic {unknown}
 i - a potion of heal wounds {unknown}


   Skills:
 - Level 1.7 Fighting
 * Level 3.1 Long Blades
 - Level 0.8 Throwing
 - Level 0.8 Armour
 - Level 1.7 Dodging
 - Level 1.7 Spellcasting
 - Level 2.6 Translocations


You had 2 spell levels left.
You knew the following spells:

 Your Spells              Type           Power      Damage    Failure   Level
a - Blink                 Tloc           18%        N/A       14%         2

Your spell library contained the following spells:

 Spells                   Type           Power      Damage    Failure   Level
 Lesser Beckoning         Tloc           18%        N/A       14%         2
 Teleport Other           Tloc           9%         N/A       28%         3
 Manifold Assault         Tloc           9%         N/A       67%         4
 Vhi's Electric Charge    Tloc/Air       10%        N/A       86%         4


Dungeon Overview and Level Annotations

Branches:
Dungeon (2/15)


Innate Abilities, Weirdness & Mutations

You have an increased reservoir of magic. (+10% MP)
You shall have no god before yourself.
Your divine heritage dramatically boosts your attributes as you level up.


Message History

The sleepcap blinks!
Throw: 5 darts (disperse)
Press: ? - help, Shift-Dir - straight line, f/p - sleepcap
Aim: a sleepcap (98% to hit)
You throw a dart of dispersal.
The dart of dispersal hits the sleepcap.
The sleepcap blinks!
Throw: 4 darts (disperse)
Press: ? - help, Shift-Dir - straight line, f/p - sleepcap
Aim: a sleepcap (98% to hit)
You throw a dart of dispersal.
The dart of dispersal hits the sleepcap.
The sleepcap blinks!
Found a scroll labelled CACRUUWY JARPH.
You hit the sleepcap.
The sleepcap is lightly damaged.
The sleepcap releases spores at you.
You are engulfed in a cloud of soporific spores!
You fall asleep.
The sleepcap releases spores at you!
You wake up.
Ouch! That really hurt!
* * * LOW HITPOINT WARNING * * *
You hit the sleepcap but do no damage.
The sleepcap is lightly damaged.
The sleepcap releases spores at you.
* * * LOW HITPOINT WARNING * * *
You are engulfed in a cloud of soporific spores!
You are unaffected.
You hit the sleepcap but do no damage.
The sleepcap is lightly damaged.
The sleepcap releases spores at you.
* * * LOW HITPOINT WARNING * * *
You hit the sleepcap but do no damage.
The sleepcap is lightly damaged.
The sleepcap closely misses you.
You hit the sleepcap but do no damage.
The sleepcap is lightly damaged.
The sleepcap closely misses you. x2
You hit the sleepcap but do no damage. The sleepcap releases spores at you!
You die...

### .## #.. .. ..###
#.#####.##### ..#.. ...
........ #.#.#
###.###.....# .....
........>..#.#.
#.#.#######.###.........
#.#.##..........@.#
#.#.##.####.###.f.......
#.#.##.####.#####.#.#.#.
.............. .....
#.#.##.#.##.## ...#.#
#.#.##.#.##.# ..?....
#.#..... .... .......
#.####.#.##.# .##..# ...
..#.#


You could see a sleepcap.

Vanquished Creatures
  3 ball pythons (D:1)
  2 bats (D:1)
  4 endoplasms
  3 giant cockroaches (D:1)
  2 goblins (D:2)
  3 hobgoblins (D:1)
  A quokka (D:2)
  3 frilled lizards
  2 rats (D:1)
23 creatures vanquished.

Notes
Turn   | Place    | Note
-------+----------+-------------------------------------------
     0 | D:1      | Avanven the Demigod Warper began the quest for the Orb.
     0 | D:1      | Reached XP level 1. HP: 17/17 MP: 5/5
    30 | D:1      | Reached skill level 2 in Long Blades
   206 | D:1      | Reached XP level 2. HP: 23/24 MP: 7/7
   270 | D:1      | Learned a level 2 spell: Blink
   649 | D:2      | Reached skill level 3 in Long Blades
   737 | D:2      | HP: 1/24 [sleepcap (4)]
   740 | D:2      | Mangled by a sleepcap

Illustrated notes

Levels and vault maps discovered:
D:1:      lightli_molten_gateway, layout_loops_cross
D:2:      layout_basic, uniq_natasha

Skill      XL: |  1  2 |
---------------+-------+-----
Long Blades    | 2 3 |  3.1
Fighting       | |  1.7
Throwing       | |  0.8
Armour         | |  0.8
Dodging        | |  1.7
Spellcasting   | |  1.7
Translocations | |  2.6

Action                     || total
---------------------------++-------
  Melee: Falchion          ||    62
         Punch             ||     1
  Throw: Dart              ||     4
   Stab: Sleeping          ||     1
 Armour: Leather armour    ||    32
  Dodge: Dodged            ||    41

Table legend: (Time is in decaauts)
 A = Elapsed time spent in this place.
 B = Non-inter-level travel time spent in this place.
 C = Inter-level travel time spent in this place.
 D = Time resting spent in this place.
 E = Time spent auto-exploring this place.
 F = Levels seen in this place.
 G = Mean time per level.
                   A        B        C        D        E       F      G
               +--------+--------+--------+--------+--------+-----+--------+
         Total |    750 |    703 |     47 |      0 |    544 |   2 |  375.0 |
       Dungeon |    750 |    703 |     47 |      0 |    544 |   2 |  375.0 |
               +--------+--------+--------+--------+--------+-----+--------+

Top non-repeatable levels by time:
     D:1: 629 daAuts
     D:2: 120 daAuts
